 Dungeon Crawl Stone Soup version 0.23.2-30-g0e89c35649 (webtiles) character file.

Game seed: 14996010848900039473

321 diana the Chopper (level 6, 0/79 HPs)
             Began as a Minotaur Berserker on June 14, 2019.
             Was a Believer of Trog.
             Slain by an orc wizard
             ... wielding a +0 dagger
              (4 damage)
             ... on level 4 of the Dungeon.
             The game lasted 00:04:03 (2177 turns).

diana the Chopper (Minotaur Berserker)              Turns: 2177, Time: 00:04:04

Health: 0/79       AC:  4    Str: 28    XL:     6   Next: 22%
Magic:  5/5        EV: 12    Int:  4    God:    Trog [**....]
Gold:   21         SH:  4    Dex: 10    Spells: 5/5 levels left

rFire    . . .     SeeInvis .   a - +0 hand axe
rCold    . . .     Gourm    .   k - +0 buckler
rNeg     . . .     Faith    .   d - +0 ring mail
rPois    .         Spirit   .   (helmet restricted)
rElec    .         Reflect  .   (no cloak)
rCorr    .         Harm     .   b - +0 pair of gloves
MR       ++...                  (no boots)
Stlth    ..........             (no amulet)
HPRegen  1.23/turn              g - -3 ring of protection (curse)
MPRegen  0.09/turn              (no ring)

@: berserking, starving, regenerating, very quick
A: retaliatory headbutt, horns 2
a: Berserk, Trog's Hand, Renounce Religion


You were on level 4 of the Dungeon.
You worshipped Trog.
Trog was pleased with you.
You were starving.

You visited 1 branch of the dungeon, and saw 4 of its levels.

You collected 76 gold pieces.
You spent 55 gold pieces at shops.

Inventory:

Hand Weapons
 a - a +0 hand axe (weapon)
Armour
 b - a +0 pair of gloves (worn)
 d - a +0 ring mail (worn)
 k - a +0 buckler (worn)
 o - a +0 large shield
Jewellery
 g - a cursed -3 ring of protection (left hand)
Wands
 p - a wand of paralysis (8)
Scrolls
 i - a scroll of magic mapping {unknown}
 j - 2 scrolls of fear {unknown}
 l - a scroll of enchant armour {unknown}
 m - 2 scrolls of identify
Potions
 e - a potion of agility {unknown}
 f - a potion of haste {unknown}
 h - 2 potions of mutation {unknown}
 n - a potion of resistance {unknown}
 q - a potion of brilliance {unknown}
Comestibles
 c - 9 rations


   Skills:
 + Level 4.7 Fighting
 * Level 5.8 Axes
 + Level 4.0 Armour
 + Level 3.6 Dodging
 * Level 2.2 Shields


You had 5 spell levels left.
You didn't know any spells.
Your spell library was empty.

Dungeon Overview and Level Annotations

Branches:
Dungeon (4/15)
 Temple: D:4-7

Altars:
Ashenzari
Fedhas
Nemelex Xobeh

Shops:
D:4 ?


Innate Abilities, Weirdness & Mutations

You reflexively headbutt those who attack you in melee.
You have a pair of horns on your head.


Message History

The orc priest invokes the aid of Beogh against you.
Beogh smites you!
* * * LOW HITPOINT WARNING * * *
A red film seems to cover your vision as you go berserk!
You feel yourself moving faster!
You feel mighty!
You are starving!
The orc wizard hits you but does no damage.
The orc hits you with a +0 short sword.
* * * LOW HITPOINT WARNING * * *
The orc wizard gestures at you while chanting.
The magic dart hits you.
* * * LOW HITPOINT WARNING * * *
Unknown command.
You hit the orc priest. Your headbutt misses the orc priest.
The orc priest is lightly wounded.
You closely miss the orc wizard. You hit the orc.
You kill the orc!
Trog accepts your kill.
The orc wizard hits you with a +0 dagger.
You die...

##...###.#....#
####..#####.# #.. .....##
#..# . .......###.## ..
######.....### .. ..
....##....#### .#
####.#..........# ..#
..#..#..........##ยง..##.
..#.####........@o.....#
....# #........o)......
....##..........#..#..##
.......##.......#..# .#
.....................
.####.##..##...%......
.......................
.................##....
..........#


You could see an orc priest and an orc wizard.

Vanquished Creatures
  An orc warrior (D:3)
  2 orc priests
  7 adders
  3 gnolls (D:2)
  2 worms (D:2)
  3 leopard geckos
  6 orcs
  6 bats
  3 giant cockroaches
  6 hobgoblins
  6 jackals
  7 kobolds
  A quokka (D:4)
  2 ball pythons
  3 frilled lizards
  4 goblins
  9 rats
71 creatures vanquished.

Notes
Turn   | Place    | Note
-------+----------+-------------------------------------------
     0 | D:1      | diana the Minotaur Berserker began the quest for the Orb.
     0 | D:1      | Reached XP level 1. HP: 19/19 MP: 0/0
   189 | D:1      | Reached XP level 2. HP: 24/27 MP: 1/1
   207 | D:1      | Reached skill level 4 in Axes
   736 | D:2      | Reached XP level 3. HP: 33/33 MP: 2/2
   765 | D:2      | Reached ** piety under Trog
   768 | D:2      | Reached XP level 4. HP: 18/40 MP: 3/3
  1135 | D:2      | Reached skill level 5 in Axes
  1362 | D:3      | Reached XP level 5. HP: 41/47 MP: 4/4
  1396 | D:3      | Found a blossoming altar of Fedhas.
  1434 | D:3      | Found a shattered altar of Ashenzari.
  1619 | D:3      | Noticed an orc warrior
  1628 | D:3      | Reached skill level 1 in Shields
  1637 | D:3      | Killed an orc warrior
  1637 | D:3      | Reached XP level 6. HP: 42/53 MP: 5/5
  1906 | D:3      | Found a sparkling altar of Nemelex Xobeh.
  2024 | D:4      | Found Riton's Magic Scroll Emporium.
  2030 | D:4      | Bought a scroll of remove curse for 33 gold pieces
  2030 | D:4      | Bought a scroll of identify for 22 gold pieces
  2176 | D:4      | HP: 3/79 [orc wizard/magic dart (4)]
  2177 | D:4      | Slain by an orc wizard

Skill      XL: |  1  2  3  4  5  6 |
---------------+-------------------+-----
Axes           | 4 5 |  5.8
Fighting       | 4 |  4.7
Armour         | 3 4 |  4.0
Dodging        | 3 |  3.6
Shields        | 1 2 |  2.2

Action                   |  1- 3 |  4- 6 || total
-------------------------+-------+-------++-------
Melee: Hand axe          |    62 |   115 ||   177
       Headbutt          |     6 |    18 ||    24
Invok: Berserk           |     1 |     2 ||     3
       Trog's Hand       |       |     1 ||     1
  Use: Scroll            |       |     2 ||     2
  Eat: Chunk             |       |     5 ||     5
Armor: Ring mail         |    28 |    16 ||    44
       Plate armour      |       |    51 ||    51
Dodge: Dodged            |    39 |    45 ||    84
Block: Buckler           |       |    10 ||    10
